 Dungeon Crawl Stone Soup version 0.16.0-17-g811c1d7 (webtiles) character file.

5945 valak23 the Cleaver (level 10, -5/86 HPs)
             Began as a Pale Draconian Fighter on Mar 21, 2015.
             Was a Priest of Ashenzari.
             Slain by a blink frog (13 damage)
             ... on level 8 of the Dungeon.
             The game lasted 00:37:01 (9112 turns).

valak23 the Cleaver (Pale Draconian Fighter)        Turns: 9112, Time: 00:37:01

Health: -5/86      AC: 12    Str: 22    XL:     10   Next: 54%
Magic:  14/14      EV: 15    Int: 11    God:    Ashenzari [***...]
Gold:   315        SH: 11    Dex: 11    Spells: 0 memorised, 9 levels left

rFire  + . .     SeeInvis +     y - +2 hand axe (venom)
rCold  . . .     Clarity  +     (armour unavailable)
rNeg   . . .     SustAb   .     c - +0 shield (curse)
rPois  +         Gourm    .     u - +0 hat {Int+3}
rElec  .         Spirit   .     v - +0 cloak {rPois} (curse)
rCorr  .         Warding  .     b - +0 pair of gloves (curse)
rMut   .         Stasis   .     d - +2 pair of boots (curse)
MR     .....                    (no amulet)
Stlth  ++........               Q - ring of protection from fire
                                n - ring of stealth (curse)

@: not resistant to hostile enchantments, unstealthy
A: breathe steam, unfitting armour, cold-blooded, AC +7
a: Breathe Steam, Renounce Religion


You were on level 8 of the Dungeon.
You worshipped Ashenzari.
Ashenzari was most pleased with you.
You were not hungry.

You visited 2 branches of the dungeon, and saw 10 of its levels.

You collected 720 gold pieces.
You spent 405 gold pieces at shops.

Inventory:

Hand weapons
 q - a cursed +2 great sword
 y - a +2 hand axe of venom (weapon)
 z - the +5 hunting sling "Husicryt" {velocity, -Cast +Blink rC++}
   (You found it on level 5 of the Dungeon)

   Any stone fired from it inflicts extra damage.
   It greatly protects you from cold.
   It lets you blink.
   It prevents spellcasting.
Missiles
 P - 45 stones (quivered)
Armour
 b - a cursed +0 pair of gloves (worn)
 c - a cursed +0 shield (worn)
 d - a cursed +2 pair of boots (worn)
 u - a +0 hat of intelligence (worn)
 v - a cursed +0 cloak of poison resistance (worn)
 w - a +0 buckler
Jewellery
 n - a cursed ring of stealth (left hand)
 Q - a ring of protection from fire (right hand)
Magical devices
 m - a wand of polymorph (19)
 o - a wand of magic darts (12)
 s - a wand of draining (10)
 B - a wand of polymorph (13)
 C - a wand of random effects (15)
 E - a wand of fireball (0)
 G - a wand of random effects (25)
 H - a wand of polymorph (9)
 I - a wand of polymorph (12)
Scrolls
 a - a scroll of fog {unknown}
 g - 7 scrolls of identify
 h - 3 scrolls of teleportation
 i - a scroll of enchant weapon {unknown}
 l - a scroll of fear {unknown}
 r - a scroll of recharging
 A - a scroll of blinking
 R - 3 scrolls of random uselessness {unknown}
 S - a scroll of torment {unknown}
Potions
 e - a potion of might
 j - a potion of brilliance {unknown}
 p - 2 potions of restore abilities {unknown}
 x - a potion of haste {unknown}
 F - a potion of magic {unknown}
 J - a potion of cancellation {unknown}
 N - 3 potions of curing {unknown}
 O - a potion of ambrosia {unknown}
 T - a potion of degeneration {unknown}
Books
 D - a book of Dreams

   Spells                             Type                      Level
   a - Ensorcelled Hibernation        Hexes/Ice                    2
   b - Flight                         Charms/Air                   3
   c - Phase Shift                    Translocation                5
   d - Shadow Creatures               Summoning                    5
   e - Mass Confusion                 Hexes                        6
   f - Darkness                       Hexes                        7
Comestibles
 f - 2 meat rations
 k - 3 bread rations
 t - 2 beef jerkies
 K - a royal jelly
 L - a slice of pizza
 M - 8 fruits


   Skills:
 + Level 7.0 Fighting
 * Level 9.7 Axes
 - Level 4.0 Slings
 + Level 7.8(9.7) Dodging
 - Level 0.2(0.6) Stealth
 + Level 7.1(9.0) Shields
 - Level 2.6 Evocations


You had 9 spell levels left.
You didn't know any spells.

Dungeon Overview and Level Annotations

Branches:
Dungeon (9/15) Temple (0/1) D:6 D:7 Lair (1/8) D:8 Orc: D:9-12

Altars:
Ashenzari
Dithmenos
Fedhas
Kikubaaqudgha
Nemelex Xobeh
Okawaru
Ru
Sif Muna
Vehumet
Xom
Yredelemnul
Zin
The Shining One

Shops:
D:4 [   D:6 %   D:9 [%*}


Innate Abilities, Weirdness & Mutations

You can breathe blasts of scalding steam.
Your pale cyan-grey scales are hard (AC +7).
Your body does not fit into most forms of armour.
Your cold-blooded metabolism reacts poorly to cold.


Message History

There is a stone staircase leading down here.
The blink frog misses you. You block the blink frog's attack.
There is a staircase back to the Dungeon here.
The blink frog closely misses you. The blink frog barely misses you.
The spiny frog stings you!
* * * LOW HITPOINT WARNING * * *
You climb upwards.
Welcome back to the Dungeon!
There is a staircase to the Lair here.
Drink which item? (? for menu, Esc to quit)
Okay, then.
You hit the blink frog.
You kill the blink frog!
The blink frog momentarily phases out as your attack passes through it.
The blink frog barely misses you.
The blink frog momentarily phases out as your attack passes through it.
The blink frog hits you but does no damage.
You miss the blink frog. You block the blink frog's attack.
The blink frog hits you!
You die...

#.#######...#.............#
#............#.##.#########
#######........##.#
##.....#.##.# ##.........#
######### ##.###.####
........# ### #.# #########
#######.# #.# #.......# # #.#
#@######.#####.# #
#####.########†F......# #.# #
#...........##.##...#.#####.#
#
#.###.###.........#......##.#
# #.# #.#
#...#...#...#.##.##.#
###.###.#
####.....####.##.##.#
=.......# ##...............#
###.##### ##.######.......#
###.#### #.# #.##.##.#


You could see a blink frog.

Vanquished Creatures
  A hell beast (D:8)
  Pikel (D:6)
  An ugly thing (D:8)
  An orange demon (D:8)
  A blink frog (D:8)
  A deep elf mage (D:9)
  A wyvern (D:8)
  A hungry ghost (D:7)
  3 yaks (D:9)
  Edmund (D:5)
  Purgy (D:3)
  A water moccasin (D:8)
  A black bear (D:9)
  3 centaurs
  A necrophage (D:9)
  3 orc warriors
  A phantom (D:5)
  A slave (D:6)
  An ogre (D:4)
  A big kobold (D:7)
  2 giant frogs
  A wyvern zombie (D:6)
  2 scorpions
  2 vampire bats (D:3)
  A jelly (D:9)
  4 wights (D:8)
  4 hounds
  A giant frog zombie (D:7)
  6 orc wizards
  A goliath beetle (D:5)
  2 giant frog skeletons (D:7)
  A crimson imp (D:8)
  9 orc priests
  7 iron imps (D:8)
  An iguana (D:5)
  5 worker ants
  A hound skeleton (D:4)
  A mummy (D:8)
  8 adders
  2 shadow imps (D:6)
  2 worms (D:2)
  5 giant geckos
  27 orcs
  18 bats
  5 bat skeletons
  3 bat zombies
  5 giant cockroaches
  16 hobgoblins
  10 jackals
  23 kobolds
  6 quokkas
  A ball python (D:3)
  2 giant gecko skeletons (D:4)
  9 giant newts
  11 goblins
  13 rats
243 creatures vanquished.

Vanquished Creatures (others)
  An orc (D:6)
  A giant spore (D:6)
2 creatures vanquished.

Grand Total: 245 creatures vanquished

Notes
Turn   | Place    | Note
--------------------------------------------------------------
     0 | D:1      | valak23, the Draconian Fighter, began the quest for the Orb.
     0 | D:1      | Reached XP level 1. HP: 19/19 MP: 1/1
   299 | D:1      | Reached XP level 2. HP: 26/26 MP: 2/2
  1437 | D:2      | Reached XP level 3. HP: 22/31 MP: 3/3
  1576 | D:2      | Found a blossoming altar of Fedhas.
  1764 | D:2      | Found a shimmering altar of Xom.
  1764 | D:2      | Found a shattered altar of Ashenzari.
  1769 | D:2      | Became a worshipper of Ashenzari the Shackled
  1886 | D:2      | Reached XP level 4. HP: 17/38 MP: 4/4
  2094 | D:3      | Found a sparkling altar of Nemelex Xobeh.
  2095 | D:3      | Found a glowing silver altar of Zin.
  2095 | D:3      | Found an iron altar of Okawaru.
  2395 | D:3      | Noticed Purgy
  2411 | D:3      | Killed Purgy
  2411 | D:3      | Reached skill level 4 in Dodging
  2411 | D:3      | Reached XP level 5. HP: 12/46 MP: 5/5
  2880 | D:3      | Found a glowing golden altar of the Shining One.
  3087 | D:3      | Reached XP level 6. HP: 45/52 MP: 6/6
  3120 | D:3      | Found an ancient bone altar of Kikubaaqudgha.
  3674 | D:4      | Found Gopoigyr's Antique Armour Shop.
  3682 | D:4      | Bought a runed hat for 80 gold pieces
  3682 | D:4      | Bought a runed cloak for 90 gold pieces
  3682 | D:4      | Bought a buckler for 90 gold pieces
  3723 | D:4      | Your scales start fading to a pale cyan-grey colour.
  3723 | D:4      | Reached XP level 7. HP: 60/60 MP: 7/7
  3724 | D:4      | Reached skill level 5 in Shields
  4068 | D:5      | Entered Level 5 of the Dungeon
  4078 | D:5      | Reached skill level 5 in Dodging
  4094 | D:5      | Noticed Edmund
  4101 | D:5      | Killed Edmund
  4101 | D:5      | Reached skill level 5 in Axes
  4113 | D:5      | Found a deep blue altar of Sif Muna.
  4326 | D:5      | Identified the +5 hunting sling "Husicryt" {velocity, -Cast +Blink rC++}
  4328 | D:5      | Found a radiant altar of Vehumet.
  4381 | D:5      | Acquired Ashenzari's first power
  4432 | D:5      | Reached XP level 8. HP: 54/67 MP: 8/8
  4501 | D:5      | Found an iron altar of Okawaru.
  4678 | D:5      | Reached skill level 6 in Axes
  4894 | D:6      | Reached skill level 5 in Fighting
  5230 | D:6      | Noticed Pikel
  5239 | D:6      | Killed Pikel
  5239 | D:6      | Reached skill level 7 in Axes
  5458 | D:6      | Found a staircase to the Ecumenical Temple.
  5904 | D:6      | Found Straateca's Food Boutique.
  6083 | D:7      | Found a staircase to the Ecumenical Temple.
  6085 | D:7      | Reached XP level 9. HP: 75/75 MP: 9/9
  6184 | D:7      | Reached skill level 8 in Axes
  6282 | D:7      | Acquired Ashenzari's second power
  6555 | D:8      | Found a staircase to the Lair.
  6588 | D:8      | Found a basalt altar of Yredelemnul.
  6589 | D:8      | Noticed a hell beast
  6589 | D:8      | Noticed an orange demon
  6725 | D:8      | Found a shadowy altar of Dithmenos.
  6831 | D:8      | Killed an orange demon
  6831 | D:8      | Reached skill level 1 in Evocations
  7181 | D:8      | Noticed a green ugly thing
  7194 | D:8      | Killed a green ugly thing
  7220 | D:8      | Reached skill level 9 in Axes
  7437 | D:8      | Found a sacrificial altar of Ru.
  7887 | D:8      | Killed a hell beast
  7887 | D:8      | Reached XP level 10. HP: 50/84 MP: 11/14
  7963 | D:9      | Found Bima's Armour Emporium.
  8024 | D:9      | HP: 3/84 [orc warrior/trident (16)]
  8415 | D:9      | Found Ecvolic's Food Shoppe.
  8463 | D:9      | Found Smuikumo's Assorted Antiques.
  8471 | D:9      | Bought a shiny coral ring for 145 gold pieces
  8589 | D:9      | Found Smas' Gadget Shoppe.
  9093 | Lair:1   | Entered Level 1 of the Lair of Beasts
  9112 | D:8      | Slain by a blink frog

Action                   |  1- 3 |  4- 6 |  7- 9 | 10-12 || total
-------------------------+-------+-------+-------+-------++-------
Melee: War axe           |   129 |   131 |   241 |       ||   501
       Hand axe          |       |       |    47 |    75 ||   122
 Fire: Hunting sling     |       |       |    60 |       ||    60
 Abil: Breathe Steam     |       |       |    15 |     1 ||    16
       Evoke Blink       |       |       |     7 |       ||     7
Evoke: Wand              |       |       |    15 |       ||    15
  Use: Scroll            |     6 |       |    10 |     2 ||    18
       Potion            |       |     2 |       |     2 ||     4
 Stab: Sleeping          |     1 |     4 |     4 |       ||     9
  Eat: Bread ration      |     1 |       |       |       ||     1
       Meat ration       |       |     1 |     3 |     1 ||     5
